 Dungeon Sprint DCSS version 0.31-a0-846-gb3bcc0d938 (webtiles) character file.

Game seed: 17138028972489123630

5838 sircluck the Grappler (level 10, -5/169 HPs)
             Began as a Troll Berserker on Oct 3, 2023.
             Was an Elder of Trog.
             Slain by a spriggan defender
             ... wielding a +1 quick blade of venom
              (24 damage)
             ... in the Dungeon (Sprint IV: "Fedhas' Mad Dash").
             The game lasted 00:04:40 (1066 turns).

sircluck the Grappler (Troll Berserker)             Turns: 1066, Time: 00:04:41

Health: -5/169     AC:  4    Str: 31    XL:     10   Next: 51%
Magic:  9/9        EV: 12    Int:  3    God:    Trog [****..]
Gold:   78         SH:  0    Dex:  9    Spells: 9/9 levels left

rFire   + .          .
                       - Unarmed
rCold   . . .        (no shield)
rNeg    . . .        a - +0 animal skin
rPois   .            (helmet restricted)
rElec   .            l - scarf "Japousai" {+Inv, rF+}
rCorr   .            (gloves unavailable)
SInv    .            (boots unavailable)
Will    .....        j - amulet of invisibility {+Inv} Stlth
                     (no ring)
HPRegen 1.28/turn    (no ring)
MPRegen 0.11/turn

%: no teleportation
@: berserking, lethally poisoned (-5 -> -52), very quick
A: large, unfitting armour, claws 3, regeneration 1, shaggy fur 1, tough skin 1
a: Renounce Religion, Evoke Invisibility, Berserk, Trog's Hand, Brothers in Arms


You were in the Dungeon.
You worshipped Trog.
Trog was greatly pleased with you.
You visited 1 branch You collected 183 gold pieces.
You spent 105 gold pieces at shops.

Inventory:

Armour
 a - a +0 animal skin (worn)
 l - the scarf "Japousai" (worn) {+Inv, rF+}
   (You found it in the Dungeon)

   rF+:       It protects you from fire.
Jewellery
 j - the amulet of invisibility (around neck) {+Inv}
   (You found it in the Dungeon)

   [amulet of nothing]

   +Inv:      It lets you turn invisible.
Wands
 k - a wand of light (4)
Scrolls
 b - a scroll of fear {unknown}
 g - a scroll of blinking
 n - a scroll of revelation
Potions
 c - a potion of heal wounds
 d - a potion of haste
 e - 2 potions of magic
 f - a potion of berserk rage
 h - a potion of degeneration {unknown}
 i - a potion of brilliance {unknown}
 m - a potion of cancellation {unknown}


   Skills:
 + Level 11.1 Fighting
 + Level 11.1 Dodging
 + Level 8.3 Stealth
 + Level 13.1 Unarmed Combat


You had 9 spell levels left.
You didn't know any spells.
Your spell library was empty.

Dungeon Overview and Level Annotations

Branches:
Dungeon (1/1)

Altars:
Cheibriados
Dithmenos
Elyvilon
Gozag
Hepliaklqana
Kikubaaqudgha
Makhleb
Nemelex Xobeh
Okawaru
Qazlal
Ru
Sif Muna
Trog
Uskayaw
Vehumet
Wu Jian
Xom
Yredelemnul
Zin
The Shining One
Jiyva
Lugonu

Shops:
D =(?(:[

Annotations:
D exclusion: 2 oklob plants


Innate Abilities, Weirdness & Mutations

You are too large for most types of armour.
You have claws for hands.
Your natural rate of healing is unusually fast.
You are covered in fur. (AC +1)
You have tough skin. (AC +1)


Message History

Your two-headed ogre looks as sick as possible!
The spriggan defender hits your two-headed ogre with a +1 quick blade of venom!!
Your two-headed ogre looks as sick as possible!
The spriggan defender hits your two-headed ogre with a +1 quick blade of venom.
Your two-headed ogre looks as sick as possible!
The spriggan defender hits your two-headed ogre with a +1 quick blade of venom!!
Your two-headed ogre dies!
Your two-headed ogre's corpse disappears in a puff of smoke!
You fail to use your ability.
You fail to use your ability.
The spriggan defender closely misses you.
The spriggan defender hits you with a +1 quick blade of venom!!
You are poisoned.
A red film seems to cover your vision as you go berserk!
You feel yourself moving faster!
You feel mighty!
You feel extremely sick.
The spriggan defender hits you with a +1 quick blade of venom.
You are more poisoned.
The spriggan defender hits you with a +1 quick blade of venom!!
You are more poisoned.
The spriggan defender hits you with a +1 quick blade of venom!! x2
You mangle the spriggan defender!!
The spriggan defender is heavily wounded.
You feel very sick.
You barely miss the spriggan defender.
The spriggan defender is heavily wounded.
You feel very sick.
The spriggan defender hits you with a +1 quick blade of venom!!
* * * LOW HITPOINT WARNING * * *
You are lethally poisoned!
The spriggan defender hits you with a +1 quick blade of venom.
* * * LOW HITPOINT WARNING * * *
You are more poisoned.
The spriggan defender blocks your attack.
The spriggan defender is heavily wounded.
* * * LOW HITPOINT WARNING * * *
You feel extremely sick.
The spriggan defender closely misses you.
The spriggan defender hits you with a +1 quick blade of venom!!
You die...

##############..P.$
♣..♣)###.†.)+.....$
.♣).♣##:.#))#.P....
♣.♣..###.##†# .P.P.
♣...♣'...#♣.♣######
##########.....####
#..♣..♣....###
#...♣......♣...♣###
......♣.....@i∩...|#
####################


You could see a spriggan defender.

Vanquished Creatures
  Agnes (D)
  A spriggan berserker (D)
  A spriggan druid (D)
  2 oklob plants (D)
  A moth of wrath (D)
  2 burning bushes (D)
  2 queen bees (D)
  A hornet (D)
  2 wandering mushrooms (D)
  3 scorpions (D)
  4 killer bees (D)
  4 oklob saplings (D)
  2 spriggans (D)
  A river rat (D)
  A rat (D)
  A ballistomycete spore (D)
29 creatures vanquished.

Vanquished Creatures (collateral kills)
  An oklob plant (D)
  A burning bush (D)
  A wandering mushroom (D)
  An oklob sapling (D)
4 creatures vanquished.

Grand Total: 33 creatures vanquished

Notes
Turn   | Place    | Note
-------+----------+-------------------------------------------
     0 | D        | sircluck the Troll Berserker began the quest for the Orb.
     0 | D        | Reached XP level 1. HP: 22/22 MP: 0/0
     8 | D        | Reached skill level 1 in Stealth
     8 | D        | Reached XP level 2. HP: 24/31 MP: 1/1
    23 | D        | Noticed an oklob sapling
    51 | D        | Killed an oklob sapling
    51 | D        | Reached ** piety under Trog
    52 | D        | Reached skill level 4 in Unarmed Combat
    52 | D        | Reached XP level 3. HP: 5/37 MP: 2/2
    83 | D        | Noticed a scorpion
    83 | D        | Found the amulet of invisibility {+Inv}
    86 | D        | Killed a scorpion
    87 | D        | Reached skill level 5 in Unarmed Combat
    87 | D        | Reached XP level 4. HP: 49/49 MP: 3/3
   128 | D        | Noticed a queen bee
   141 | D        | Reached skill level 5 in Fighting
   141 | D        | Reached skill level 5 in Dodging
   141 | D        | Reached skill level 6 in Unarmed Combat
   141 | D        | Reached XP level 5. HP: 57/57 MP: 4/4
   149 | D        | Reached *** piety under Trog
   152 | D        | HP: 2/58 [killer bee (6)]
   154 | D        | Reached skill level 7 in Unarmed Combat
   154 | D        | Reached XP level 6. HP: 3/67 MP: 5/5
   157 | D        | HP: 3/67 [poisoned by a killer bee]
   235 | D        | Killed a queen bee
   236 | D        | Reached skill level 8 in Unarmed Combat
   236 | D        | Reached XP level 7. HP: 47/76 MP: 6/6
   278 | D        | Noticed an oklob plant
   284 | D        | Killed an oklob plant
   284 | D        | Reached **** piety under Trog
   285 | D        | Reached skill level 5 in Stealth
   285 | D        | Reached skill level 9 in Unarmed Combat
   331 | D        | Noticed a burning bush
   342 | D        | Killed a burning bush
   343 | D        | Reached XP level 8. HP: 65/88 MP: 7/7
   368 | D        | Found an opulent altar of Gozag.
   368 | D        | Found a hazy altar of Hepliaklqana.
   368 | D        | Found a burning altar of Makhleb.
   368 | D        | Found a sparkling altar of Nemelex Xobeh.
   368 | D        | Found a snail-covered altar of Cheibriados.
   368 | D        | Found a sacrificial altar of Ru.
   368 | D        | Found a shimmering blue altar of Sif Muna.
   368 | D        | Found a shimmering altar of Xom.
   368 | D        | Found a basalt altar of Yredelemnul.
   369 | D        | Found a viscous altar of Jiyva.
   369 | D        | Found a bloodstained altar of Trog.
   369 | D        | Found an ornate altar of the Wu Jian Council.
   370 | D        | Found an iron altar of Okawaru.
   370 | D        | Found a shadowy altar of Dithmenos.
   370 | D        | Found a glowing silver altar of Zin.
   371 | D        | Found an ancient bone altar of Kikubaaqudgha.
   371 | D        | Found a hide-covered altar of Uskayaw.
   372 | D        | Found a stormy altar of Qazlal.
   372 | D        | Found a white marble altar of Elyvilon.
   372 | D        | Found a glowing golden altar of the Shining One.
   373 | D        | Found a corrupted altar of Lugonu.
   373 | D        | Found a radiant altar of Vehumet.
   429 | D        | Reached ***** piety under Trog
   435 | D        | Reached skill level 10 in Unarmed Combat
   492 | D        | Found Nobbepn's Weapon Shop.
   492 | D        | Found Zasoqom's Jewellery Emporium.
   501 | D        | Noticed a burning bush
   501 | D        | Noticed a wandering mushroom
   630 | D        | Received a gift from Trog
   655 | D        | Noticed a wandering mushroom
   762 | D        | Killed a burning bush
   768 | D        | Found Folat's Armour Emporium.
   768 | D        | Found Tewni's Book Shoppe.
   814 | D        | Noticed a burning bush
   814 | D        | Noticed an oklob plant
   818 | D        | Killed a burning bush
   819 | D        | Reached XP level 9. HP: 98/98 MP: 8/8
   822 | D        | Noticed a wandering mushroom
   824 | D        | Killed an oklob plant
   825 | D        | Reached skill level 11 in Unarmed Combat
   827 | D        | Killed a wandering mushroom
   829 | D        | Received a gift from Trog
   838 | D        | Identified the scarf "Japousai" {+Inv, rF+}
   860 | D        | Noticed a spriggan druid
   871 | D        | Killed a spriggan druid
   874 | D        | Reached skill level 10 in Fighting
   874 | D        | Reached skill level 10 in Dodging
   920 | D        | Noticed an oklob plant conjurer
   922 | D        | Killed an oklob plant conjurer
   923 | D        | Reached skill level 12 in Unarmed Combat
   930 | D        | Noticed a moth of wrath
   935 | D        | Killed a moth of wrath
   936 | D        | Reached XP level 10. HP: 98/111 MP: 9/9
   971 | D        | Noticed an oklob plant
   971 | D        | Noticed an oklob plant summoner
   974 | D        | Noticed Agnes
   981 | D        | Noticed a spriggan berserker
   984 | D        | Killed Agnes
   988 | D        | Killed a spriggan berserker
   989 | D        | Reached skill level 13 in Unarmed Combat
  1048 | D        | Found Ageac's Magic Scroll Emporium.
  1050 | D        | Found Xopuongu's Antique Weapon Shoppe.
  1055 | D        | Noticed a spriggan defender
  1058 | D        | Bought a scroll of revelation for 105 gold pieces
  1066 | D        | Slain by a spriggan defender

Illustrated notes

Levels and vault maps discovered:
D:        dungeon_sprint_fedhas [sprint_temple]

Skill      XL: |  1  2  3  4  5  6  7  8  9 10 |
---------------+-------------------------------+-----
Fighting       | 3 4 5 6 8 9 10 11 | 11.1
Dodging        | 3 4 5 6 8 9 10 11 | 11.1
Stealth        | 1 2 3 4 5 6 7 8 |  8.3
Unarmed Combat | 4 5 6 7 8 9 10 12 13 | 13.1

Action                     |  1- 3 |  4- 6 |  7- 9 | 10-12 || total
---------------------------+-------+-------+-------+-------++-------
  Melee: Unarmed           |     8 |    26 |    65 |    16 ||   115
         Punch             |     1 |       |     2 |       ||     3
 Invoke: Brothers in Arms  |       |       |     1 |     2 ||     3
         Berserk           |       |       |     1 |     2 ||     3
Ability: Evoke Invisibilit |       |       |     1 |       ||     1
    Use: Potion            |       |     1 |       |       ||     1
   Stab: Sleeping          |     1 |     1 |     2 |       ||     4
         Distracted        |       |       |     1 |       ||     1
 Armour: Animal skin       |     5 |    20 |    38 |    11 ||    74
  Dodge: Dodged            |     1 |    20 |    21 |     5 ||    47

Table legend: (Time is in decaauts)
 A = Elapsed time spent in this place.
 B = Non-inter-level travel time spent in this place.
 C = Inter-level travel time spent in this place.
 D = Time resting spent in this place.
 E = Time spent auto-exploring this place.
 F = Levels seen in this place.
 G = Mean time per level.
                   A        B        C        D        E       F      G
               +--------+--------+--------+--------+--------+-----+--------+
         Total |   1074 |   1069 |      5 |    505 |    170 |   1 | 1074.0 |
       Dungeon |   1074 |   1069 |      5 |    505 |    170 |   1 | 1074.0 |
               +--------+--------+--------+--------+--------+-----+--------+

Top non-repeatable levels by time:
       D: 1074 daAuts
